 Dungeon Crawl Stone Soup version 0.30.1-3-gfc49f6343a (webtiles) character file.

Game seed: 13545401164634171065

71 Anriel the Magician (level 4, -5/24 HPs)
             Began as a Deep Elf Conjurer on July 19, 2023.
             Blown up by Ijyb (19 damage)
             ... with a mindburst bolt
             ... on level 3 of the Dungeon.
             The game lasted 00:09:37 (1694 turns).

Anriel the Magician (Deep Elf Conjurer)             Turns: 1694, Time: 00:09:38

Health: -5/24      AC:  5    Str:  4    XL:     4   Next: 5%
Magic:  8/12       EV: 12    Int: 25    God:
Gold:   117        SH:  0    Dex: 13    Spells: 2/12 levels left

rFire   . . .        h - +0 dagger
rCold   . . .        (no shield)
rNeg    . . .        e - +0 robe
rPois   .            i - +2 helmet
rElec   .            (no cloak)
rCorr   .            (no gloves)
SInv    .            (no boots)
Will    .....        g - amulet of magic regeneration
Stlth   ++           (no ring)
HPRegen 0.24/turn    (no ring)
MPRegen 0.53/turn

%: no passive effects
@: lethally poisoned (-5 -> -7)
A: no striking features
a: no special abilities


You were on level 3 of the Dungeon.
You visited 1 branch of the dungeon, and saw 3 of its levels.

You collected 117 gold pieces.

Inventory:

Hand Weapons
 h - a +0 dagger (weapon)
Armour
 e - a +0 robe (worn)
 i - a +2 helmet (worn)
Jewellery
 f - an amulet of reflection
 g - an amulet of magic regeneration (around neck)
Scrolls
 d - a scroll of magic mapping
Potions
 a - a potion of ambrosia
 b - a potion of magic
 c - a potion of haste {unknown}
 j - a potion of mutation {unknown}
 k - 2 potions of attraction {unknown}


   Skills:
 + Level 0.7 Short Blades
 - Level 3.0 Dodging
 - Level 3.0 Stealth
 * Level 4.8 Spellcasting
 - Level 4.4 Conjurations
 + Level 1.2 Hexes


You had 2 spell levels left.
You knew the following spells:

 Your Spells              Type           Power      Damage    Failure   Level
a - Magic Dart            Conj           100%       1d8       1%          1
b - Searing Ray           Conj           56%        2d6       1%          2
c - Dazzling Flash        Conj/Hex       40%        N/A       8%          3
d - Fulminant Prism       Conj/Hex       10%        3d8       26%         4

Your spell library contained the following spells:

 Spells                   Type           Power      Damage    Failure   Level
 Scorch                   Fire           12%        2d5       13%         2
 Flame Wave               Conj/Fire      17%        2d7       32%         4
 Iskenderun's Mystic Bla  Conj/Tloc      17%        2d5       32%         4
 Summon Cactus Giant      Summ           3%         N/A       100%        6


Dungeon Overview and Level Annotations

Branches:
Dungeon (3/15)

Altars:
Ru

Annotations:
D:3 Ijyb


Message History

Aim: a kobold, wielding a +0 dagger and quivering poisoned darts (100% to hit)
The magic dart hits the kobold.
The kobold is severely wounded.
A frilled lizard comes into view.
Aiming: Magic Dart (safe; 1% risk of failure)
Press: ? - help, Q - select action, (/) - cycle Shift-Dir - straight line, f/p - kobold
Aim: a kobold, wielding a +0 dagger and quivering poisoned darts (severely wounded, 100% to hit)
The magic dart hits the kobold but does no damage.
The kobold is severely wounded.
The bat closely misses you.
A rat comes into view.
The kobold throws a poisoned dart.
The poisoned dart hits you!
You are poisoned.
Casting: Magic Dart (safe; 1% risk of failure)
Confirm with . or Enter, or press ? or * to list all spells.
Aiming: Searing Ray (safe; 1% risk of failure)
Press: ? - help, Shift-Dir - straight line, f - Ijyb, p - kobold
Aim: Ijyb, wielding a +0 dagger, wearing a +0 chain mail and carrying a wand of mindburst (9) (79% to hit)
The searing ray hits Ijyb but does no damage. (Press . to maintain the ray.)
You feel sick. The bat hits you. Ijyb hits you but does no damage.
The bat closely misses you.
The searing ray hits Ijyb.
Ijyb is lightly wounded.
You feel sick. The bat barely misses you. Ijyb hits you but does no damage.
The kobold barely misses you.
The searing ray hits Ijyb but does no damage.
Ijyb is lightly wounded.
You feel sick. The bat barely misses you. Ijyb hits you with a +0 dagger.
The kobold hits you with a +0 dagger.
The searing ray hits Ijyb.
Ijyb is moderately wounded.
You finish channelling your searing ray.
You feel sick. The bat closely misses you.
Ijyb zaps a wand.
Your mind is blasted!
The kobold barely misses you.
Unknown command.
You feel sick. The bat barely misses you.
Ijyb zaps a wand.
Your mind is blasted!
Ouch! That really hurt!
You die...

..# .# .#
..####.##.. #
#..........
#.###.........)
.............
#<.l....?...
#........>..
#.K@.......
#..gb......
#..........
#...r......
#..#.###..# ...
.. .. ...r .. #
..... ...


You could see Ijyb, a bat, a kobold, a frilled lizard and 2 rats.

Vanquished Creatures
  An adder (D:2)
  2 worms (D:2)
  5 ball pythons (D:1)
  2 endoplasms
  A giant cockroach (D:1)
  6 goblins
  3 hobgoblins
  3 jackals (D:1)
  3 kobolds
  3 quokkas
  7 bats
  11 frilled lizards
  8 rats
55 creatures vanquished.

Notes
Turn   | Place    | Note
-------+----------+-------------------------------------------
     0 | D:1      | Anriel the Deep Elf Conjurer began the quest for the Orb.
     0 | D:1      | Reached XP level 1. HP: 10/10 MP: 6/6
   175 | D:1      | Reached XP level 2. HP: 15/15 MP: 2/8
   386 | D:1      | Learned a level 2 spell: Searing Ray
   721 | D:1      | Reached XP level 3. HP: 19/19 MP: 10/10
   838 | D:1      | Learned a level 3 spell: Dazzling Flash
   875 | D:2      | Found a faded altar of an unknown god.
   928 | D:2      | Found a sacrificial altar of Ru.
  1131 | D:2      | Reached skill level 1 in Hexes
  1370 | D:2      | Reached XP level 4. HP: 18/24 MP: 9/12
  1493 | D:2      | Learned a level 4 spell: Fulminant Prism
  1687 | D:3      | Noticed Ijyb
  1694 | D:3      | Blown up by Ijyb

Illustrated notes

Levels and vault maps discovered:
D:1:      spicycebolla_arrival_clurvy, layout_basic, minmay_lizard_pond
D:2:      layout_basic, basic_altar, chequers_ecumenical_altar_simple_redux,
          minmay_misc_feat_rows, minmay_indecisive_spiral
D:3:      layout_rooms, mainiacjoe_overflow_alcove_4, nemelex_altar_shiori,
          serial_shops, shop, serial_curves, eino_curves_02, eino_curves_04,
          kennysheep_generic_room_3, uniq_ijyb

Skill      XL: |  1  2  3 |
---------------+----------+-----
Stealth        | 3 |  3.0
Spellcasting   | 4 |  4.8
Dodging        | 3 |  3.0
Hexes          | 1 |  1.2
Short Blades   | |  0.7
Conjurations   | |  4.4

Action                     |  1- 3 |  4- 6 || total
---------------------------+-------+-------++-------
  Melee: Dagger            |     9 |       ||     9
   Cast: Magic Dart        |    61 |     6 ||    67
         Searing Ray       |     4 |     1 ||     5
    Use: Scroll            |     3 |       ||     3
   Stab: Sleeping          |     5 |       ||     5
 Armour: Robe              |     3 |     2 ||     5
  Dodge: Dodged            |     8 |     9 ||    17
  Block: Other             |     1 |       ||     1
         Reflection        |     1 |       ||     1
